 Dungeon Crawl Stone Soup version 0.31-a0-102-g33a4ccc0cb (webtiles) character file.

Game seed: 7856367736266464435

6 Esekla the Sneak (level 1, -7/16 HPs)
             Began as an Octopode Delver on May 26, 2023.
             Was an Initiate of Gozag.
             Mangled by an orc priest
             ... wielding a +0 war axe
              (11 damage)
             ... in the Ecumenical Temple.
             The game lasted 00:02:58 (576 turns).

Esekla the Sneak (Octopode Delver)                   Turns: 576, Time: 00:02:58

Health: -7/16      AC:  1    Str: 11    XL:     1   Next: 90%
Magic:  1/1        EV: 13    Int: 12    God:    Gozag
Gold:   14         SH:  0    Dex: 13    Spells: 0/0 levels left

rFire   . . .        a - +0 falchion
rCold   . . .        (no shield)
rNeg    . . .        (helmet restricted)
rPois   .            (no amulet)
rElec   .            (no ring)
rCorr   .            (no ring)
SInv    .            (no ring)
Will    .....        (no ring)
Stlth   ++++         (no ring)
HPRegen 0.22/turn    (no ring)
MPRegen 0.07/turn    (no ring)
                     (no ring)

%: no passive effects
@: no status effects
A: almost no armour, amphibious, 8 rings, camouflage 1, gelatinous body 1,
(nimble swimmer 1), tentacles
a: Renounce Religion, Potion Petition, Call Merchant, Bribe Branch


You were in the Ecumenical Temple.
You worshipped Gozag.
Gozag was noncommittal.
You visited 2 branches of the dungeon, and saw 2 of its levels.

You collected 38 gold pieces.
You paid 24 gold pieces to Gozag.

Inventory:

Hand Weapons
 a - a +0 falchion (weapon)
 d - a +0 dagger
Wands
 f - a wand of digging (3)
Scrolls
 b - a scroll of fog
 c - a scroll of silence {unknown}


   Skills:
 * Level 3.0 Fighting
 * Level 2.0 Long Blades
 * Level 2.0 Dodging
 + Level 6.8 Stealth
 * Level 0.2 Spellcasting


You couldn't memorise any spells.
You didn't know any spells.
Your spell library was empty.

Dungeon Overview and Level Annotations

Branches:
Dungeon (5/15)             Temple (1/1) D:5

Altars:
Elyvilon
Fedhas
Gozag
Hepliaklqana
Kikubaaqudgha
Okawaru
Sif Muna
Trog
Wu Jian
Xom
Zin


Innate Abilities, Weirdness & Mutations

You cannot wear most types of armour.
You are amphibious.
You can wear up to eight rings at the same time.
Your skin changes colour to match your surroundings (Stealth+).
Your rubbery body absorbs attacks. (AC +1, EV +1)
((You are camouflaged when in or above water. (Stealth+)))
You have tentacles for arms and can constrict up to eight enemies at once.


Message History

The orc is moderately wounded.
You constrict the orc.
You kill the orc!
You constrict the orc. The orc closely misses you.
You hit the orc but do no damage.
The orc is severely wounded.
You constrict the orc.
You kill the orc!
You now have 7 gold pieces.
Things that are here:
a +0 dagger; a +0 scale mail
There is a staircase back to the Dungeon here.
You now have 14 gold pieces (gained 7).
Things that are here:
a +0 whip; a +2 scale mail of cold resistance You start resting.
HP restored.
You start waiting.
Done waiting.
There is a staircase back to the Dungeon here.
Things that are here:
a +0 dagger; a +0 scale mail
d - a +0 dagger
There is a staircase back to the Dungeon here.
You climb upwards.
There is a staircase to the Ecumenical Temple, spattered with blood here.
The orc priest calls down the wrath of Beogh upon you.
Pain shoots through your body!
Ouch! That really hurt!
The orc hits you from afar with a +0 trident.
* * * LOW HITPOINT WARNING * * *
You climb downwards.
Welcome back to the Ecumenical Temple!
There is a staircase back to the Dungeon here.
You hit the orc priest. You grab the orc priest.
The orc priest is moderately wounded.
You constrict the orc priest, but do no damage.
The orc priest hits you with a +0 war axe!
Ouch! That really hurt!
You die...
Your body crumbles into a pile of gold.

##......#
##.....#
#.._..#
#.....##
#......##
#####...#####
##......#
##.....#
#.[@o.#
#...[.#
#.....#
#######


You could see an orc priest.

Vanquished Creatures
  3 orcs
3 creatures vanquished.

Notes
Turn   | Place    | Note
-------+----------+-------------------------------------------
     0 | D:5      | Esekla the Octopode Delver began the quest for the Orb.
     0 | D:5      | Reached XP level 1. HP: 16/16 MP: 1/1
    27 | D:5      | Found a staircase to the Ecumenical Temple.
    62 | Temple   | Entered the Ecumenical Temple
   241 | D:5      | Noticed an orc priest
   252 | D:5      | Noticed an iguana
   283 | D:5      | Noticed an orc priest
   287 | D:5      | Noticed an orc priest
   356 | Temple   | Became a worshipper of Gozag Ym Sagoz the Greedy
   576 | Temple   | Mangled by an orc priest

Illustrated notes

Levels and vault maps discovered:
D:5:      layout_cave_pools, minmay_temple_entry_hall, kennysheep_generic_room_3
Temple:   minmay_crystal_spiral_temple

Action                     || total
---------------------------++-------
  Melee: Falchion          ||    12
         Constrict         ||     4
         Tentacles         ||     1
    Use: Scroll            ||     2
         Potion            ||     1
  Dodge: Dodged            ||    12

Table legend: (Time is in decaauts)
 A = Elapsed time spent in this place.
 B = Non-inter-level travel time spent in this place.
 C = Inter-level travel time spent in this place.
 D = Time resting spent in this place.
 E = Time spent auto-exploring this place.
 F = Levels seen in this place.
 G = Mean time per level.
                   A        B        C        D        E       F      G
               +--------+--------+--------+--------+--------+-----+--------+
         Total |    568 |    464 |    104 |    167 |     60 |   2 |  284.0 |
       Dungeon |    183 |    182 |      1 |     24 |      0 |   1 |  183.0 |
        Temple |    385 |    282 |    103 |    143 |     60 |   1 |  385.0 |
               +--------+--------+--------+--------+--------+-----+--------+

Top non-repeatable levels by time:
  Temple: 385 daAuts
     D:5: 183 daAuts
